 Dungeon Crawl Stone Soup version 0.19.5 (webtiles) character file.

769 Ponchio the Conjurer (level 7, -1/36 HPs)
             Began as a Deep Elf Conjurer on Sept 14, 2017.
             Slain by Duvessa
             ... wielding a +0 short sword
              (7 damage)
             ... on level 3 of the Dungeon.
             The game lasted 00:26:49 (5696 turns).

Ponchio the Conjurer (Deep Elf Conjurer)            Turns: 5696, Time: 00:26:50

Health: -1/36      AC:  8    Str:  5    XL:     7   Next: 52%
Magic:  11/18      EV: 13    Int: 33    God:
Gold:   130        SH:  0    Dex: 15    Spells: 3 memorised, 10 levels left

rFire  . . .     SeeInvis .     e - +0 dagger
rCold  . . .     Gourm    .     a - +0 robe
rNeg   . . .     Faith    .     (no shield)
rPois  .         Spirit   .     v - +2 helmet
rElec  .         Reflect  .     r - +1 cloak
rCorr  .         Harm     .     (no gloves)
MR     .....                    q - +0 pair of boots
Stlth  ++........               (no amulet)
                                (no ring)
                                p - +6 ring of intelligence

@: brilliant, very slightly contaminated
A: no striking features
a: no special abilities


You were on level 3 of the Dungeon.
You were not hungry.

You visited 1 branch of the dungeon, and saw 4 of its levels.

You collected 130 gold pieces.

Inventory:

Hand Weapons
 e - a +0 dagger (weapon)
Armour
 a - a +0 robe (worn)
 q - a +0 pair of boots (worn)
 r - a +1 cloak (worn)
 v - a +2 helmet (worn)
Jewellery
 p - a +6 ring of intelligence (left hand)
Scrolls
 g - 2 scrolls of magic mapping
 h - a scroll of fog
 j - 2 scrolls of remove curse
 o - 2 scrolls of recharging
Potions
 d - a potion of agility {unknown}
 f - a potion of cure mutation {unknown}
 i - a potion of brilliance
 k - a potion of lignification {unknown}
 l - 3 potions of might
 n - a potion of degeneration {unknown}
 s - a potion of haste {unknown}
 t - a potion of curing {unknown}
 u - a potion of invisibility {unknown}
Books
 b - a book of Conjurations

   Spells                             Type                      Level
   a - Magic Dart                     Conjuration                  1
   b - Searing Ray                    Conjuration                  2
   c - Dazzling Spray                 Conjuration/Hexes            3
   d - Fulminant Prism                Conjuration/Hexes            4
   e - Iskenderun's Mystic Blast      Conjuration                  4
   f - Iskenderun's Battlesphere      Conjuration/Charms           5
Comestibles
 c - 5 bread rations
 m - 2 meat rations


   Skills:
 - Level 2.4 Dodging
 - Level 2.4 Stealth
 + Level 6.6 Spellcasting
 + Level 7.0 Conjurations
 + Level 7.0 Charms


You had 10 spell levels left.
You knew the following spells:

 Your Spells              Type           Power        Failure   Level  Hunger
a - Magic Dart            Conj           ####         1%          1    None
b - Iskenderun's Battles  Conj/Chrm      ######..     1%          5    ####...
c - Dazzling Spray        Conj/Hex       ######       1%          3    None


Dungeon Overview and Level Annotations

Branches:
Dungeon (4/15)
 Temple: D:4-7

Altars:
Fedhas
Makhleb

Annotations:
D:3 Duvessa


Message History

Duvessa barely misses you. Duvessa misses you.
Duvessa hits you with a short sword!
Okay, then.
Unknown command.
Unknown command.
Okay, then.
Okay, then.
Casting: Iskenderun's Battlesphere
Confirm with . or Enter, or press ? or * to list all spells.
You conjure a globe of magical energy.
Duvessa hits you with a short sword!
* * * LOW HITPOINT WARNING * * *
Duvessa barely misses you.
You swap places.
Duvessa hits your battlesphere with a short sword!!
Your battlesphere is destroyed!
It was a potion of brilliance.
You feel clever all of a sudden.
Duvessa is no longer berserk.
Duvessa hits you with a short sword!
You die...

##.#.####.######.##.>....#
#.#......# #.####.##.#
#.######## #.# #.##.# #.#
#.# #.##.# ####.##### #.#
#.##.######
......(..#########.#
#.##.<....#
####..###.......##.#
#.........# #..#
#....[#.##.############..
#..###.......@e...# #.#
#.....####.######.# #.#
####### #.# #.##########.#
#.# #.............
#.#########.......>.#
#...........#########
#############


You could see Duvessa.

Vanquished Creatures
  The ghost of KeiraKnightley the Archer, an amateur CeHu (D:4)
  Menkaure (D:4)
  The ghost of Ponchio the Magician, an amateur DECj (D:3)
  A scorpion (D:4)
  Dowan (D:4)
  A howler monkey (D:4)
  A bullfrog skeleton (D:4)
  3 gnolls (D:3)
  9 adders
  An ooze (D:1)
  3 worms
  2 dart slugs
  2 leopard geckos
  7 bats
  2 giant cockroaches (D:2)
  6 goblins
  14 hobgoblins
  9 jackals
  3 quokkas
  5 frilled lizards
  4 kobolds
  11 rats
88 creatures vanquished.

Notes
Turn   | Place    | Note
-------+----------+-------------------------------------------
     0 | D:1      | Ponchio the Deep Elf Conjurer began the quest for the Orb.
     0 | D:1      | Reached XP level 1. HP: 10/10 MP: 6/6
   188 | D:1      | Reached XP level 2. HP: 15/15 MP: 0/8
   859 | D:2      | Reached XP level 3. HP: 19/19 MP: 7/10
  1025 | D:2      | Reached skill level 5 in Conjurations
  1775 | D:2      | Reached XP level 4. HP: 24/24 MP: 8/12
  2047 | D:2      | Reached skill level 5 in Spellcasting
  2217 | D:2      | Found a blossoming altar of Fedhas.
  2266 | D:3      | Found a burning altar of Makhleb.
  2301 | D:3      | Noticed Ponchio's ghost (amateur DECj)
  2309 | D:3      | Killed Ponchio's ghost
  2309 | D:3      | Reached XP level 5. HP: 27/28 MP: 6/15
  2316 | D:3      | Learned a level 5 spell: Iskenderun's Battlesphere
  2409 | D:3      | Reached skill level 1 in Charms
  3105 | D:3      | Found a burning altar of Makhleb.
  3906 | D:2      | Found a blossoming altar of Fedhas.
  4235 | D:4      | Reached XP level 6. HP: 32/32 MP: 10/16
  4250 | D:3      | Learned a level 3 spell: Dazzling Spray
  4443 | D:4      | Noticed Menkaure
  4699 | D:4      | Noticed KeiraKnightley's ghost (amateur CeHu)
  5046 | D:4      | Reached skill level 5 in Charms
  5302 | D:4      | Killed Menkaure
  5455 | D:4      | Killed KeiraKnightley's ghost
  5455 | D:4      | Reached XP level 7. HP: 31/36 MP: 6/18
  5607 | D:4      | Noticed Duvessa
  5607 | D:4      | Noticed Dowan
  5629 | D:4      | Killed Dowan
  5696 | D:3      | Slain by Duvessa

Skill      XL: |  1  2  3  4  5  6  7 |
---------------+----------------------+-----
Spellcasting   | 4 5 6 |  6.6
Conjurations   | 5 6 7 |  7.0
Charms         | 4 6 7 |  7.0
Dodging        | |  2.4
Stealth        | |  2.4

Action                   |  1- 3 |  4- 6 |  7- 9 || total
-------------------------+-------+-------+-------++-------
Melee: Unarmed           |     3 |       |       ||     3
       Dagger            |    10 |       |       ||    10
 Cast: Magic Dart        |    81 |   126 |     8 ||   215
       Iskenderun's Batt |       |     2 |     3 ||     5
       Dazzling Spray    |       |     1 |       ||     1
  Use: Scroll            |       |     9 |       ||     9
       Potion            |       |       |     1 ||     1
  Eat: Chunk             |     1 |     8 |       ||     9
       Bread ration      |       |     1 |     1 ||     2
Armor: Robe              |     1 |     6 |       ||     7
Dodge: Dodged            |    10 |    15 |     7 ||    32
